 Dungeon Crawl Stone Soup version 0.24-a0-521-g122614bf49 (webtiles) character file.

Game seed: 5881229122309587870

45 GordonOverkill the Firebug (level 3, 0/29 HPs)
             Began as a Demigod Fire Elementalist on July 30, 2019.
             Succumbed to an adder's poison
             ... on level 2 of the Dungeon.
             The game lasted 00:03:05 (1299 turns).

GordonOverkill the Firebug (DgFE)                   Turns: 1299, Time: 00:03:05

Health: 0/29       AC:  4    Str: 13    XL:     3   Next: 25%
Magic:  8/8        EV:  7    Int: 19    God:
Gold:   54         SH: 10    Dex: 16    Spells: 4/5 levels left

rFire    . . .     SeeInvis .   b - +0 short sword
rCold    . . .     Gourm    .   k - +0 large shield
rNeg     . . .     Faith    .   h - +0 leather armour
rPois    .         Spirit   .   (no helmet)
rElec    .         Reflect  .   j - +0 cloak
rCorr    .         Harm     .   (no gloves)
MR       .....                  (no boots)
Stlth    ++........             (no amulet)
HPRegen  0.09/turn              (no ring)
MPRegen  0.11/turn              (no ring)

@: lethally poisoned (0 -> -1)
A: high mp 1
a: no special abilities


You were on level 2 of the Dungeon.
You were not hungry.

You visited 1 branch of the dungeon, and saw 2 of its levels.

You collected 54 gold pieces.

Inventory:

Hand Weapons
 b - a +0 short sword (weapon)
Missiles
 g - 10 stones (quivered)
Armour
 a - a +0 robe
 h - a +0 leather armour (worn)
 j - a +0 cloak (worn)
 k - a +0 large shield (worn)
Scrolls
 d - a scroll of magic mapping {unknown}
 f - a scroll of teleportation {unknown}
 i - a scroll of identify {unknown}
Comestibles
 c - 2 rations


   Skills:
 + Level 1.7 Fighting
 + Level 1.7 Armour
 - Level 2.0 Dodging
 - Level 1.7 Stealth
 - Level 1.7 Spellcasting
 - Level 0.8 Conjurations
 - Level 2.6 Fire Magic


You had 4 spell levels left.
You knew the following spells:

 Your Spells              Type           Power        Failure   Level  Hunger
a - Flame Tongue          Conj/Fire      #....        95%         1    #......

Your spell library contained the following spells:

 Spells                   Type           Power        Failure   Level  Hunger
 Throw Flame              Conj/Fire      #.....       99%         2    ###....
 Conjure Flame            Conj/Fire      #.......     100%        3    ###....
 Inner Flame              Hex/Fire       #.......     100%        3    ###....
 Sticky Flame             Conj/Fire      #.......     100%        4    #####..
 Fireball                 Conj/Fire      #.........   100%        5    ######.


Dungeon Overview and Level Annotations

Branches:
Dungeon (2/15)


Innate Abilities, Weirdness & Mutations

You have an increased reservoir of magic. (+10% MP)


Message History

* * * LOW HITPOINT WARNING * * *
The adder bites you but does no damage.
You are too injured to fight recklessly!
You hit the adder.
The adder is almost dead.
The adder barely misses you.
You are too injured to fight recklessly!
You hit the adder.
You kill the adder!
You are too injured to fight recklessly!
* * * LOW HITPOINT WARNING * * *
You feel sick.
Things that are here:
a hobgoblin corpse x2
You are too injured to fight recklessly!
You see here a stone.
You are too injured to fight recklessly!
You aren't carrying any potions.
You see here a stone.
You die...

...# #. #.#. .###.
#..# .....# #..###
...... ...... ....##
#.##.# ...# #.##.#
#.###(#######.##.###
#..$.@(.(†........<#
#.#####..####......#
#..# #####..# #.?#
#..# #..# #(.# #..#
#..# .... .... ####
#..##


There were no monsters in sight!

Vanquished Creatures
  An adder (D:2)
  3 leopard geckos (D:1)
  A ball python (D:1)
  4 bats (D:1)
  2 giant cockroaches (D:1)
  4 hobgoblins
  7 jackals (D:1)
  2 kobolds (D:1)
  4 rats (D:1)
28 creatures vanquished.

Notes
Turn   | Place    | Note
-------+----------+-------------------------------------------
     0 | D:1      | GordonOverkill the Demigod Fire Elementalist began the
                  | quest for the Orb.
     0 | D:1      | Reached XP level 1. HP: 14/14 MP: 5/5
   384 | D:1      | Reached XP level 2. HP: 22/22 MP: 2/7
   516 | D:1      | Reached skill level 1 in Fighting
   516 | D:1      | Reached skill level 1 in Armour
  1108 | D:1      | Reached XP level 3. HP: 28/28 MP: 6/8
  1292 | D:2      | HP: 1/28 [adder (4)]
  1299 | D:2      | Succumbed to an adder's poison

Levels and vault maps discovered:
D:1:      nicolae_arrival_washed_ashore, layout_rooms
D:2:      layout_loops_ring, chequers_ecumenical_altar_simple,
          grunt_decor_one_mirror

Skill      XL: |  1  2 |
---------------+-------+-----
Dodging        | 2 |  2.0
Fighting       | 1 |  1.7
Armour         | 1 |  1.7
Stealth        | |  1.7
Spellcasting   | |  1.7
Conjurations   | |  0.8
Fire Magic     | |  2.6

Action                   || total
-------------------------++-------
Melee: Unarmed           ||     3
       Spear             ||    39
       Short sword       ||    22
Throw: Stone             ||     4
 Cast: Flame Tongue      ||    52
  Use: Potion            ||     2
       Scroll            ||     2
  Eat: Chunk             ||     2
Armor: Robe              ||    23
       Leather armour    ||     4
Dodge: Dodged            ||    72
Block: Large shield      ||    14

Table legend:
 A = Non-vault XP
 B = Vault XP
 C = Vault XP percentage of total XP
 D = Non-vault monster count
 E = Vault monster count
 F = Vault count percentage of total count
                 A         B        C        D         E       F
            +---------+---------+-------+---------+---------+-------
      Total |      65 |       0 |   0.0 |      28 |       0 |   0.0
            +---------+---------+-------+---------+---------+-------
        D:1 |      48 |       0 |   0.0 |      25 |       0 |   0.0
        D:2 |      17 |       0 |   0.0 |       3 |       0 |   0.0
            +---------+---------+-------+---------+---------+-------
